ESL (28 & UNDER)
WILMINGTON REBELS @ BUTLER WHITE SOX
07/12/2030
 
TOP OF THE 1ST
Wilmington Rebels batting - Pitching for Butler White Sox : LHP Phil Forbes
Pitching: LHP Phil Forbes
Batting: RHB Guillermo González 0-0: Called Strike
0-1: Ball
1-1: Ball
2-1: Ball
3-1: Foul Ball, location: 2F
3-2: Base on Balls
Batting: RHB Pedro Zavala 0-0: Called Strike
0-1: Ball
1-1: Ball
2-1: Ball
3-1: Base on Balls
Guillermo González to second
Batting: RHB Miguel Cervantes 0-0: Called Strike
0-1: Ball
1-1: Fly out, F7 (Line Drive, 7D)
Batting: RHB Henry Dawson 0-0: Ball
1-0: 3-RUN HOME RUN (Flyball, 7LD), Distance : 366 ft
Batting: LHB Marv Alexander 0-0: SINGLE (Groundball, 34D)
Batting: LHB Alberto Castellanos 0-0: Ball
1-0: Ball
2-0: Called Strike
2-1: Foul Ball, location: 2F
2-2: Strikes out swinging
Batting: RHB Pedro Sandoval 0-0: Ball
1-0: Called Strike
1-1: SINGLE (Groundball, 4D)
Marv Alexander to second
Runner from 2nd tries for 3rd, SAFE, no throw
Batting: LHB Seth Sullivan 0-0: Called Strike
0-1: Foul Ball, location: 2F
0-2: Strikes out looking
Top of the 1st over - 3 runs, 3 hits, 0 errors, 2 left on base; Wilmington 3 - Butler 0
BOTTOM OF THE 1ST
Butler White Sox batting - Pitching for Wilmington Rebels : RHP Fernando Fuentes
Pitching: RHP Fernando Fuentes
Batting: RHB Luis Fuentes 0-0: Ground out 4-3 (Groundball, 4)
Batting: RHB Jerry Moore 0-0: Swinging Strike
0-1: Ball
1-1: Foul Ball, location: 2F
1-2: Foul Ball, location: 2F
1-2: Ball
2-2: Ball
3-2: Fly out, F8 (Flyball, 8LD)
Batting: RHB Miguel Sánchez 0-0: Ground out 6-3 (Groundball, 6MS)
Bottom of the 1st over - 0 runs, 0 hits, 0 errors, 0 left on base; Wilmington 3 - Butler 0
TOP OF THE 2ND
Wilmington Rebels batting - Pitching for Butler White Sox : LHP Phil Forbes
Batting: RHB Brian McCoy 0-0: Ball
1-0: Ball
2-0: Fly out, F4 (Popup, 4M)
Batting: RHB Guillermo González 0-0: Ball
1-0: Swinging Strike
1-1: Ball
2-1: Ball
3-1: Called Strike
3-2: Base on Balls
Batting: RHB Pedro Zavala 0-0: Called Strike
0-1: Fly out, F8 (Flyball, 78XD)
Batting: RHB Miguel Cervantes 0-0: Ball
1-0: Ball
2-0: Ball
3-0: Base on Balls
Guillermo González to second
Batting: RHB Henry Dawson 0-0: Called Strike
0-1: Ball
1-1: Foul Ball, location: 2F
1-2: Reached on error, E5 (Groundball, 5)
Guillermo González to third
Miguel Cervantes to second
Batting: LHB Marv Alexander 0-0: Called Strike
0-1: Called Strike
0-2: Strikes out looking
Top of the 2nd over - 0 runs, 0 hits, 1 error, 3 left on base; Wilmington 3 - Butler 0
BOTTOM OF THE 2ND
Butler White Sox batting - Pitching for Wilmington Rebels : RHP Fernando Fuentes
Batting: RHB Bobby Murdock 0-0: Called Strike
0-1: Swinging Strike
0-2: Foul Ball, location: 2F
0-2: Ball
1-2: Ball
2-2: Ground out 4-3 (Groundball, 4)
Batting: LHB Jim Knight 0-0: Ball
1-0: Swinging Strike
1-1: Called Strike
1-2: Ball
2-2: Strikes out swinging
Batting: LHB Denny Allen 0-0: Ball
1-0: Ball
2-0: Foul Ball, location: 2F
2-1: Foul Ball, location: 2F
2-2: Ball
3-2: Ground out 4-3 (Groundball, 4)
Bottom of the 2nd over - 0 runs, 0 hits, 0 errors, 0 left on base; Wilmington 3 - Butler 0
TOP OF THE 3RD
Wilmington Rebels batting - Pitching for Butler White Sox : LHP Phil Forbes
Batting: LHB Alberto Castellanos 0-0: Called Strike
0-1: Ball
1-1: Swinging Strike
1-2: Ball
2-2: Ball
3-2: Base on Balls
Batting: RHB Pedro Sandoval 0-0: Ball
1-0: SINGLE (Line Drive, 8RS)
Alberto Castellanos to second
Batting: LHB Seth Sullivan 0-0: Ball
1-0: Foul Ball, location: 2F
1-1: Ball
2-1: Ball
3-1: Base on Balls
Alberto Castellanos to third
Pedro Sandoval to second
Batting: RHB Brian McCoy 0-0: Ball
1-0: Called Strike
1-1: Ball
2-1: Ball
3-1: Foul Ball, location: 2F
3-2: Base on Balls
Alberto Castellanos scores
Pedro Sandoval to third
Seth Sullivan to second
Batting: RHB Guillermo González 0-0: Ball
1-0: Ball
2-0: Ball
3-0: Base on Balls
Pedro Sandoval scores
Seth Sullivan to third
Brian McCoy to second
Batting: RHB Pedro Zavala 0-0: Foul Ball, location: 2F
0-1: Ball
1-1: Ball
2-1: Fly out, F9 (Flyball, 9)
Runner from 3rd tags up, SCORES, throw made
Batting: RHB Miguel Cervantes 0-0: Ball
1-0: Called Strike
1-1: Ball
2-1: Foul Ball, location: 2F
2-2: Fly out, F7 (Flyball, 7D)
Batting: RHB Henry Dawson 0-0: Swinging Strike
0-1: Foul Ball, location: 2F
0-2: Ground out 5-3 (Groundball, 56S)
Top of the 3rd over - 3 runs, 1 hit, 0 errors, 2 left on base; Wilmington 6 - Butler 0
BOTTOM OF THE 3RD
Butler White Sox batting - Pitching for Wilmington Rebels : RHP Fernando Fuentes
Batting: LHB Thomas Dixon 0-0: Foul Ball, location: 2F
0-1: Ball
1-1: Foul Ball, location: 2F
1-2: Ball
2-2: Strikes out swinging
Batting: RHB Ramón Maldonado 0-0: SINGLE (Groundball, 34S) (infield hit)
Batting: RHB Júlio Hernández 0-0: Ball
1-0: Ball
2-0: Ball
3-0: Called Strike
3-1: Foul Ball, location: 2F
3-2: Strikes out swinging
Batting: RHB Luis Fuentes 0-0: Called Strike
Ramón Maldonado steals 2nd base
0-1: Ball
1-1: SINGLE (Groundball, 4MD)
Ramón Maldonado to third
Runner from 3rd tries for Home, SAFE, throw made home
Luis Fuentes to second
Batting: RHB Jerry Moore 0-0: Ball
1-0: Foul Ball, location: 2F
1-1: Foul Ball, location: 2F
1-2: Foul Ball, location: 2F
1-2: Ball
2-2: Ball
3-2: Strikes out swinging
Bottom of the 3rd over - 1 run, 2 hits, 0 errors, 1 left on base; Wilmington 6 - Butler 1
TOP OF THE 4TH
Wilmington Rebels batting - Pitching for Butler White Sox : LHP Phil Forbes
Batting: LHB Marv Alexander 0-0: Called Strike
0-1: Ball
1-1: Called Strike
1-2: Ball
2-2: Foul Ball, location: 2F
2-2: Strikes out swinging
Batting: LHB Alberto Castellanos 0-0: Foul Ball, location: 2F
0-1: Ball
1-1: Foul Ball, location: 2F
1-2: Ball
2-2: Foul Ball, location: 2F
2-2: Foul Ball, location: 2F
2-2: Foul Ball, location: 2F
2-2: Foul Ball, location: 2F
2-2: Ball
3-2: Foul Ball, location: 2F
3-2: Strikes out swinging
Batting: RHB Pedro Sandoval 0-0: Ball
1-0: Ball
2-0: Called Strike
2-1: Ball
3-1: Swinging Strike
3-2: Base on Balls
Batting: LHB Seth Sullivan 0-0: Fly out, F8 (Flyball, 8RD)
Top of the 4th over - 0 runs, 0 hits, 0 errors, 1 left on base; Wilmington 6 - Butler 1
BOTTOM OF THE 4TH
Butler White Sox batting - Pitching for Wilmington Rebels : RHP Fernando Fuentes
Batting: RHB Miguel Sánchez 0-0: SINGLE (Line Drive, 56)
Batting: RHB Bobby Murdock 0-0: Foul Ball, location: 2F
0-1: Ball
1-1: Ball
2-1: Swinging Strike
2-2: Strikes out looking
Batting: LHB Jim Knight 0-0: Ball
1-0: Foul Ball, location: 2F
1-1: SINGLE (Groundball, 56D)
Miguel Sánchez to second
Batting: LHB Denny Allen 0-0: Ball
1-0: Ball
2-0: Called Strike
2-1: Fly out, F9 (Flyball, 89M)
Batting: LHB Thomas Dixon 0-0: Ball
1-0: Ball
2-0: Fly out, F7 (Flyball, 78S)
Bottom of the 4th over - 0 runs, 2 hits, 0 errors, 2 left on base; Wilmington 6 - Butler 1
TOP OF THE 5TH
Wilmington Rebels batting - Pitching for Butler White Sox : LHP Phil Forbes
Pitching: RHP Bartho Manshert
Batting: RHB Brian McCoy 0-0: Ball
1-0: Ball
2-0: Ball
3-0: Base on Balls
Batting: RHB Guillermo González 0-0: Swinging Strike
0-1: SINGLE (Groundball, 6D)
Brian McCoy to second
Batting: RHB Pedro Zavala 0-0: Ball
1-0: Called Strike
1-1: Ball
2-1: Fly out, F8 (Flyball, 8LM)
Batting: RHB Miguel Cervantes 0-0: Ball
1-0: Ball
2-0: Ball
3-0: Called Strike
3-1: Foul Ball, location: 2F
3-2: Base on Balls
Brian McCoy to third
Guillermo González to second
Batting: RHB Henry Dawson 0-0: Foul Ball, location: 2F
0-1: Foul Ball, location: 2F
0-2: Fly out, F7 (Flyball, 7LM)
Batting: LHB Marv Alexander 0-0: Ball
1-0: Foul Ball, location: 2F
1-1: Foul Ball, location: 2F
1-2: SINGLE (Line Drive, 9S)
Brian McCoy scores
Guillermo González to third
Miguel Cervantes to second
Runner from 3rd tries for Home, SAFE, no throw
Batting: LHB Alberto Castellanos 0-0: SINGLE (Line Drive, 8RM)
Miguel Cervantes to third
Marv Alexander to second
Batting: RHB Pedro Sandoval 0-0: Foul Ball, location: 2F
0-1: Swinging Strike
0-2: Ball
1-2: Foul Ball, location: 2F
1-2: Foul Ball, location: 2F
1-2: Strikes out swinging
Top of the 5th over - 2 runs, 3 hits, 0 errors, 3 left on base; Wilmington 8 - Butler 1
BOTTOM OF THE 5TH
Butler White Sox batting - Pitching for Wilmington Rebels : RHP Fernando Fuentes
Batting: RHB Ramón Maldonado 0-0: Called Strike
0-1: Ball
1-1: DOUBLE (Line Drive, 78D)
Batting: RHB Júlio Hernández 0-0: Ball
Ramón Maldonado steals 3rd base
1-0: Called Strike
1-1: SINGLE (Line Drive, 4MD)
Ramón Maldonado scores
Batting: RHB Luis Fuentes 0-0: Ball
1-0: Called Strike
1-1: Called Strike
1-2: Ball
2-2: Foul Ball, location: 2F
2-2: Foul Ball, location: 2F
2-2: Foul Ball, location: 2F
2-2: Strikes out swinging
Batting: RHB Jerry Moore 0-0: Called Strike
Júlio Hernández steals 2nd base
0-1: Foul Ball, location: 2F
0-2: Ball
1-2: Foul Ball, location: 2F
1-2: Ball
2-2: Foul Ball, location: 2F
2-2: Ground out 6-3 (Groundball, 6M)
Júlio Hernández to third
Batting: RHB Miguel Sánchez 0-0: Ball
1-0: DOUBLE (Line Drive, 7LS)
Júlio Hernández scores
Batting: RHB Bobby Murdock 0-0: Called Strike
0-1: Swinging Strike
0-2: Strikes out swinging
Bottom of the 5th over - 2 runs, 3 hits, 0 errors, 1 left on base; Wilmington 8 - Butler 3
TOP OF THE 6TH
Wilmington Rebels batting - Pitching for Butler White Sox : RHP Bartho Manshert
Batting: LHB Seth Sullivan 0-0: Ball
1-0: Fly out, F7 (Flyball, 78S)
Batting: RHB Brian McCoy 0-0: Called Strike
0-1: Swinging Strike
0-2: Strikes out swinging
Batting: RHB Guillermo González 0-0: Called Strike
0-1: Fly out, F8 (Flyball, 8RD)
Top of the 6th over - 0 runs, 0 hits, 0 errors, 0 left on base; Wilmington 8 - Butler 3
BOTTOM OF THE 6TH
Butler White Sox batting - Pitching for Wilmington Rebels : RHP Fernando Fuentes
Pitching: LHP Nathan Armstrong
Batting: LHB Jim Knight 0-0: Ball
1-0: Called Strike
1-1: Ground out 5-3 (Groundball, 56)
Batting: LHB Denny Allen 0-0: Foul Ball, location: 2F
0-1: Foul Ball, location: 2F
0-2: Foul Ball, location: 2F
0-2: Ball
1-2: Strikes out looking
Batting: LHB Thomas Dixon 0-0: Ball
1-0: Foul Ball, location: 2F
1-1: Foul Ball, location: 2F
1-2: Ball
2-2: Strikes out swinging
Bottom of the 6th over - 0 runs, 0 hits, 0 errors, 0 left on base; Wilmington 8 - Butler 3
TOP OF THE 7TH
Wilmington Rebels batting - Pitching for Butler White Sox : RHP Bartho Manshert
Batting: RHB Pedro Zavala 0-0: Swinging Strike
0-1: Foul Ball, location: 2F
0-2: Ball
1-2: Ball
2-2: SOLO HOME RUN (Flyball, 78XD), Distance : 406 ft
Pitching: RHP Jorge Barrón
Batting: RHB Miguel Cervantes 0-0: Ball
1-0: Ball
2-0: Called Strike
2-1: Swinging Strike
2-2: Foul Ball, location: 2F
2-2: Ground out 5-3 (Groundball, 56S)
Batting: RHB Henry Dawson 0-0: Called Strike
0-1: Fly out, F5 (Popup, 56S)
Batting: LHB Marv Alexander 0-0: Called Strike
0-1: Swinging Strike
0-2: Ball
1-2: Fly out, F8 (Flyball, 8LM)
Top of the 7th over - 1 run, 1 hit, 0 errors, 0 left on base; Wilmington 9 - Butler 3
BOTTOM OF THE 7TH
Butler White Sox batting - Pitching for Wilmington Rebels : LHP Nathan Armstrong
Batting: RHB Ramón Maldonado 0-0: Ball
1-0: Called Strike
1-1: Swinging Strike
1-2: Ball
2-2: Strikes out swinging
Batting: RHB Júlio Hernández 0-0: Ball
1-0: Ball
2-0: Ball
3-0: Base on Balls
Batting: RHB Luis Fuentes 0-0: Called Strike
0-1: Ball
1-1: Called Strike
1-2: Ball
2-2: Ball
3-2: Base on Balls
Júlio Hernández to second
Batting: RHB Jerry Moore 0-0: Called Strike
Júlio Hernández steals 3rd base
Luis Fuentes to second
0-1: Ball
1-1: Called Strike
1-2: Ball
2-2: Strikes out swinging
Batting: RHB Miguel Sánchez 0-0: Ball
1-0: Called Strike
1-1: Called Strike
1-2: Strikes out looking
Bottom of the 7th over - 0 runs, 0 hits, 0 errors, 2 left on base; Wilmington 9 - Butler 3
TOP OF THE 8TH
Wilmington Rebels batting - Pitching for Butler White Sox : RHP Jorge Barrón
Batting: LHB Alberto Castellanos 0-0: Called Strike
0-1: Ball
1-1: Foul Ball, location: 2F
1-2: Foul Ball, location: 2F
1-2: Ball
2-2: Ball
3-2: SOLO HOME RUN (Flyball, 9LD), Distance : 349 ft
Batting: RHB Pedro Sandoval 0-0: Ball
1-0: Called Strike
1-1: DOUBLE (Line Drive, 78XD)
Batting: LHB Seth Sullivan 0-0: Fly out, F6 (Popup, 6S)
Batting: RHB Brian McCoy 0-0: Called Strike
0-1: Ball
1-1: Called Strike
1-2: Ball
2-2: Foul Ball, location: 2F
2-2: Fly out, F9 (Flyball, 9LMF)
Batting: RHB Guillermo González 0-0: Ball
1-0: Ball
2-0: Called Strike
2-1: Ball
3-1: Foul Ball, location: 2F
3-2: Base on Balls
Batting: RHB Pedro Zavala 0-0: Foul Ball, location: 2F
0-1: Ball
1-1: SINGLE (Flyball, 78M)
Pedro Sandoval to third
Guillermo González to second
Runner from 3rd tries for Home, SAFE, no throw
Batting: RHB Miguel Cervantes 0-0: Called Strike
0-1: Ball
1-1: Fly out, F7 (Flyball, 7LM)
Top of the 8th over - 2 runs, 3 hits, 0 errors, 2 left on base; Wilmington 11 - Butler 3
BOTTOM OF THE 8TH
Butler White Sox batting - Pitching for Wilmington Rebels : LHP Nathan Armstrong
Now at C: Juan Jose Mendoza
Batting: RHB Bobby Murdock 0-0: Called Strike
0-1: Ball
1-1: Ball
2-1: Ball
3-1: Base on Balls
Batting: LHB Jim Knight 0-0: Ball
1-0: Ball
2-0: Ball
3-0: Base on Balls
Bobby Murdock to second
Batting: LHB Denny Allen 0-0: Ball
1-0: Ball
2-0: Foul Ball, location: 2F
2-1: Ball
3-1: Swinging Strike
3-2: Strikes out swinging
Batting: LHB Thomas Dixon 0-0: Ball
1-0: Grounds into double play, 5-4-3 (Groundball, 56)
Bottom of the 8th over - 0 runs, 0 hits, 0 errors, 1 left on base; Wilmington 11 - Butler 3
TOP OF THE 9TH
Wilmington Rebels batting - Pitching for Butler White Sox : RHP Jorge Barrón
Batting: RHB Henry Dawson 0-0: Ball
1-0: Ball
2-0: Ball
3-0: Base on Balls
Batting: LHB Marv Alexander 0-0: Called Strike
0-1: Called Strike
0-2: Ball
1-2: Foul Ball, location: 2F
1-2: Strikes out swinging
Batting: LHB Alberto Castellanos 0-0: Called Strike
0-1: Ball
1-1: SINGLE (Line Drive, 13S)
Henry Dawson to second
Batting: RHB Pedro Sandoval 0-0: Ball
1-0: SINGLE (Flyball, 89M)
Henry Dawson to third
Alberto Castellanos to second
Batting: LHB Seth Sullivan 0-0: Swinging Strike
0-1: Ball
1-1: Grounds into double play, 6-4-3 (Groundball, 6)
Top of the 9th over - 0 runs, 2 hits, 0 errors, 2 left on base; Wilmington 11 - Butler 3
BOTTOM OF THE 9TH
Butler White Sox batting - Pitching for Wilmington Rebels : LHP Nathan Armstrong
Now at 2B: Ivan Costello
Batting: RHB Ramón Maldonado 0-0: Foul Ball, location: 2F
0-1: Ball
1-1: Called Strike
1-2: Foul Ball, location: 2F
1-2: Strikes out looking
Batting: RHB Júlio Hernández 0-0: Foul Ball, location: 2F
0-1: Ball
1-1: Ball
2-1: Called Strike
2-2: Ball
3-2: Foul Ball, location: 2F
3-2: Base on Balls
Pitching: RHP Esteban Ramírez
Batting: RHB Luis Fuentes 0-0: Swinging Strike
0-1: Called Strike
0-2: Ball
1-2: Fielders Choice at 2nd, 6-4 (Groundball, 6)
Batting: RHB Jerry Moore 0-0: Ball
1-0: Called Strike
1-1: Called Strike
1-2: Foul Ball, location: 2F
1-2: Ball
2-2: Foul Ball, location: 2F
2-2: Ball
3-2: Ground out 6-3 (Groundball, 6M)
Bottom of the 9th over - 0 runs, 0 hits, 0 errors, 1 left on base; Wilmington 11 - Butler 3
Saturday, April 7th, 2018 - OOTP Baseball 18.8 Build 76